 Dungeon Crawl Stone Soup version 0.20.2-3-g29329e0561 (webtiles) character file.

3439 Alfie the Carver (level 9, -2/79 HPs)
             Began as a Minotaur Fighter on Sept 16, 2020.
             Slain by a two-headed ogre
             ... wielding a +0 giant spiked club
              (16 damage)
             ... on level 8 of the Dungeon.
             The game lasted 00:16:05 (5191 turns).

Alfie the Carver (Minotaur Fighter)                 Turns: 5191, Time: 00:16:07

Health: -2/79      AC:  9    Str: 23    XL:     9   Next: 77%
Magic:  8/8        EV: 10    Int:  5    God:
Gold:   525        SH: 11    Dex: 11    Spells: 8/8 levels left

rFire    . . .     SeeInvis .   a - +3 long sword
rCold    . . .     Gourm    .   c - +0 shield
rNeg     . . .     Faith    .   b - +1 scale mail
rPois    .         Spirit   .   (helmet restricted)
rElec    .         Reflect  .   (no cloak)
rCorr    .         Harm     .   (no gloves)
MR       .....                  (no boots)
Stlth    ..........             (no amulet)
Regen    0.3/turn               (no ring)
MPRegen  0.2/turn               (no ring)

@: no status effects
A: retaliatory headbutt, horns 2
a: no special abilities


You were on level 8 of the Dungeon.
You were not hungry.

You visited 1 branch of the dungeon, and saw 8 of its levels.

You collected 525 gold pieces.

Inventory:

Hand Weapons
 a - a +3 long sword (weapon)
Missiles
 e - 4 tomahawks (quivered)
Armour
 b - a +1 scale mail (worn)
 c - a +0 shield (worn)
Jewellery
 l - an uncursed ring of flight
 A - a cursed ring of loudness {unknown}
 B - an uncursed ring of protection from fire {unknown}
 F - the amulet "Paosheas" {Faith rC+ Str+3 Dex-2, unknown}
   (You found it on level 8 of the Dungeon)

   [amulet of faith]

   It allows you to gain divine favour quickly.
   It affects your strength (+3).
   It affects your dexterity (-2).
   It protects you from cold.
Wands
 v - a wand of flame (20/48)
Scrolls
 j - 7 scrolls of teleportation
 t - 5 scrolls of recharging
 y - 2 scrolls of identify
 z - 3 scrolls of remove curse
 D - a scroll of noise {unknown}
 E - a scroll of fog
Potions
 d - a potion of might
 g - 4 potions of flight {unknown}
 h - 4 potions of ambrosia
 k - a potion of lignification {unknown}
 m - a potion of cancellation
 n - a potion of haste
 o - a potion of invisibility {unknown}
 r - 3 potions of curing
 s - 2 potions of magic {unknown}
 u - 4 potions of mutation {unknown}
 w - 2 potions of agility {unknown}
 x - 2 potions of heal wounds
 C - a potion of degeneration {unknown}
Books
 G - a book of Clouds

   Spells                             Type                      Level
   a - Poisonous Vapours              Poison/Air                   2
   b - Mephitic Cloud                 Conjuration/Poison/Air       3
   c - Conjure Flame                  Conjuration/Fire             3
   d - Freezing Cloud                 Conjuration/Ice/Air          6
   e - Ring of Flames                 Charms/Fire                  7
Comestibles
 f - 8 bread rations
 i - 3 royal jellies
 p - 5 fruits
 q - 3 meat rations


   Skills:
 + Level 7.5 Fighting
 + Level 10.5 Long Blades
 + Level 8.2 Armour
 + Level 4.2 Dodging
 + Level 0.8 Stealth
 + Level 7.9 Shields


You had 8 spell levels left.
You didn't know any spells.

Dungeon Overview and Level Annotations

Branches:
Dungeon (8/15)             Temple (0/1) D:5
   Lair: D:8-11

Altars:
Cheibriados
Elyvilon
Fedhas
Kikubaaqudgha
Okawaru
Sif Muna
Trog
Xom
Yredelemnul

Shops:
D:5 :


Innate Abilities, Weirdness & Mutations

You reflexively headbutt those who attack you in melee.
You have a pair of horns on your head.


Message History

The freed slave dies!
You see here an animal skin.
You block the two-headed ogre's attack. The two-headed ogre closely misses you.
You hit the two-headed ogre.
The two-headed ogre is lightly wounded.
The two-headed ogre hits you with a giant spiked club!!
You block the two-headed ogre's attack.
You hit the two-headed ogre.
The two-headed ogre is lightly wounded.
You slash the two-headed ogre!
The two-headed ogre is moderately wounded.
The two-headed ogre hits you with a giant spiked club!
The two-headed ogre hits you with a giant spiked club.
Your shield and scale mail prevent you from hitting the two-headed ogre.
You headbutt the two-headed ogre.
The two-headed ogre is moderately wounded.
The two-headed ogre hits you with a giant spiked club!!
* * * LOW HITPOINT WARNING * * *
The two-headed ogre hits you with a giant spiked club!
You die...

###### ##.## #......).). ......
#...# #...#..#.## ###### ###
#...# #.###..#... ^. ..# #...#
#.##.)..... # #. #.# #(..#
#.##.(.....
#.##(##.#######...###p##.......
......#.##..................##.
#..........O..........#.....
#.####..##....@[.......###..###
#.......#######...###### #.....
######.## #...# #.#### #.#
#...# #.# #.# #.).# #.#
########.# #...# #.# #
.........# #####p## #####.####
...####### #.....# #.....>...
##.# #.##### #.########


You could see a two-headed ogre and 2 neutral freed slaves.

Vanquished Creatures
  Pikel (D:8)
  A hippogriff (D:7)
  Sigmund (D:2)
  A spriggan (D:8)
  2 hungry ghosts
  Duvessa (D:5)
  Edmund (D:6)
  An ice beast (D:7)
  A black bear (D:6)
  2 ogres (D:6)
  A big kobold (D:8)
  2 bullfrogs (D:6)
  Dowan (D:5)
  3 scorpions
  3 howler monkeys (D:7)
  2 crimson imps
  4 orc priests
  3 hounds
  A jelly (D:7)
  2 bullfrog skeletons (D:6)
  A centaur skeleton (D:7)
  Jessica (D:2)
  2 iguanas (D:5)
  4 worker ants
  6 orc wizards
  3 hound skeletons
  Robin (D:4)
  7 adders
  12 gnolls
  An ooze (D:1)
  2 adder skeletons
  4 worms
  2 dart slugs (D:2)
  6 leopard geckos
  27 orcs
  6 bats
  11 giant cockroaches
  7 goblins
  10 hobgoblins
  6 jackals
  12 kobolds
  4 quokkas
  3 ball pythons
  5 frilled lizards
  2 gnoll zombies (D:6)
  A leopard gecko skeleton (D:5)
  A quokka skeleton (D:5)
  8 rats
189 creatures vanquished.

Vanquished Creatures (others)
  A slave (D:8)
1 creature vanquished.

Grand Total: 190 creatures vanquished

Notes
Turn   | Place    | Note
-------+----------+-------------------------------------------
     0 | D:1      | Alfie the Minotaur Fighter began the quest for the Orb.
     0 | D:1      | Reached XP level 1. HP: 19/19 MP: 0/0
   198 | D:1      | Reached XP level 2. HP: 12/27 MP: 1/1
   379 | D:1      | Reached XP level 3. HP: 33/33 MP: 2/2
   832 | D:2      | Noticed Jessica
   834 | D:2      | Killed Jessica
   834 | D:2      | Reached skill level 3 in Long Blades
   834 | D:2      | Reached skill level 1 in Dodging
   834 | D:2      | Reached XP level 4. HP: 40/40 MP: 3/3
   875 | D:2      | Found a white marble altar of Elyvilon.
   884 | D:2      | Noticed Sigmund
   903 | D:2      | Killed Sigmund
   903 | D:2      | Reached skill level 5 in Long Blades
   903 | D:2      | Reached XP level 5. HP: 41/47 MP: 4/4
   952 | D:2      | Reached skill level 5 in Armour
  1152 | D:2      | Reached XP level 6. HP: 53/53 MP: 5/5
  1345 | D:3      | Found a shimmering altar of Xom.
  1346 | D:3      | Found a shimmering altar of Xom.
  1356 | D:3      | Found a shimmering altar of Xom.
  1358 | D:3      | Found a shimmering altar of Xom.
  1383 | D:3      | Found a shimmering altar of Xom.
  1590 | D:3      | Found a blossoming altar of Fedhas.
  1741 | D:3      | Reached skill level 5 in Shields
  2047 | D:4      | Reached skill level 6 in Long Blades
  2074 | D:4      | Reached XP level 7. HP: 59/60 MP: 6/6
  2088 | D:4      | Noticed Robin
  2096 | D:4      | Killed Robin
  2449 | D:4      | Found a bloodstained altar of Trog.
  2576 | D:5      | Entered Level 5 of the Dungeon
  2658 | D:5      | Found Xismeut's Book Shoppe.
  2960 | D:5      | Reached skill level 7 in Long Blades
  3090 | D:5      | Noticed Duvessa
  3091 | D:5      | Noticed Dowan
  3115 | D:5      | Killed Duvessa
  3115 | D:5      | Reached skill level 5 in Fighting
  3130 | D:5      | Killed Dowan
  3172 | D:5      | Found a staircase to the Ecumenical Temple.
  3222 | D:5      | Reached XP level 8. HP: 16/68 MP: 7/7
  3384 | D:6      | Noticed Edmund
  3399 | D:6      | Killed Edmund
  3441 | D:6      | Reached skill level 8 in Long Blades
  3447 | D:6      | Found a deep blue altar of Sif Muna.
  3636 | D:6      | Found a basalt altar of Yredelemnul.
  3669 | D:6      | Found an iron altar of Okawaru.
  3880 | D:6      | Found a snail-covered altar of Cheibriados.
  4116 | D:7      | Noticed a hippogriff
  4147 | D:7      | Killed a hippogriff
  4147 | D:7      | Reached skill level 9 in Long Blades
  4147 | D:7      | Reached XP level 9. HP: 9/78 MP: 8/8
  4194 | D:7      | Found an ancient bone altar of Kikubaaqudgha.
  4754 | D:8      | Got a twitching diamond amulet
  5015 | D:8      | Reached skill level 10 in Long Blades
  5058 | D:8      | Noticed Pikel
  5078 | D:8      | Killed Pikel
  5183 | D:8      | Noticed a two-headed ogre
  5191 | D:8      | Slain by a two-headed ogre

Skill      XL: |  1  2  3  4  5  6  7  8  9 |
---------------+----------------------------+-----
Fighting       | 4 5 6 7 |  7.5
Armour         | 4 5 6 7 8 |  8.2
Shields        | 4 5 7 |  7.9
Long Blades    | 3 5 6 7 9 10 | 10.5
Dodging        | 1 2 3 4 |  4.2
Stealth        | |  0.8

Action                   |  1- 3 |  4- 6 |  7- 9 || total
-------------------------+-------+-------+-------++-------
Melee: Long sword        |    77 |   141 |   285 ||   503
       Headbutt          |    11 |    22 |    50 ||    83
  Use: Scroll            |     4 |     1 |     8 ||    13
       Potion            |     1 |       |     5 ||     6
  Eat: Fruit             |       |     2 |     2 ||     4
       Meat ration       |       |     1 |     1 ||     2
       Bread ration      |       |       |     1 ||     1
       Royal jelly       |       |       |     1 ||     1
Armor: Scale mail        |    55 |    40 |    96 ||   191
Dodge: Dodged            |    38 |    36 |   105 ||   179
Block: Shield            |    76 |    61 |   146 ||   283
       Rpst.: Long sword |    10 |     5 |    30 ||    45
